 Dungeon Crawl Stone Soup version 0.32-a0-17-gb74e046682 (webtiles) character file.

Game seed: 9872007172851552155

474 Laraso the Slicer (level 7, -2/36 HPs)
             Began as a Kobold Enchanter on Jan 15, 2024.
             Killed from afar by an orc wizard (11 damage)
             ... with a magic dart
             ... on level 4 of the Dungeon.
             The game lasted 00:05:06 (3113 turns).

Laraso the Slicer (Kobold Enchanter)                Turns: 3113, Time: 00:05:06

Health: -2/36      AC:  2    Str:  2 (5)  XL:     7   Next: 32%
Magic:  6/10       EV: 15    Int: 19 (22) God:
Gold:   71         SH:  0    Dex: 15 (18) Spells: 8/10 levels left

rFire   . . .        m - +0 rapier
rCold   . . .        (no shield)
rNeg    . . .        b - +0 robe
rPois   .            (no helmet)
rElec   .            s - scarf {+Inv}
rCorr   .            (no gloves)
SInv    .            (no boots)
Will    +....        (no amulet)
Stlth   ++++         d - +6 ring of intelligence
HPRegen 0.26/turn    (no ring)
MPRegen 0.12/turn

%: no passive effects
@: brilliant, attractive, enlightened, flying (expiring)
A: small, no large weapons, nightstalker 3
a: Evoke Invisibility


You were on level 4 of the Dungeon.
You visited 1 branch of the dungeon, and saw 4 of its levels.

You collected 71 gold pieces.

Inventory:

Hand Weapons
 a - a +1 dagger
 m - a +0 rapier (weapon)
Armour
 b - a +0 robe (worn)
 s - a scarf of invisibility (worn)
Jewellery
 d - a +6 ring of intelligence (left hand)
Wands
 p - a wand of roots (1)
Scrolls
 c - a scroll of enchant armour {unknown}
 h - a scroll of poison {unknown}
 j - a scroll of identify {unknown}
 k - 3 scrolls of fog {unknown}
 n - a scroll of amnesia {unknown}
 o - a scroll of enchant weapon {unknown}
 r - a scroll of vulnerability {unknown}
 t - a scroll of acquirement {unknown}
 u - a scroll of blinking {unknown}
 v - a scroll of teleportation {unknown}
Potions
 i - a potion of enlightenment
 l - a potion of brilliance


   Skills:
 * Level 9.1 Short Blades
 - Level 2.6 Dodging
 - Level 4.2 Stealth
 - Level 2.4 Spellcasting
 - Level 3.1 Hexes


You had 8 spell levels left.
You knew the following spells:

 Your Spells              Type           Power      Damage    Failure   Level
a - Ensorcelled Hibernat  Hex/Ice        24%        N/A       13%         2

Your spell library contained the following spells:

 Spells                   Type           Power      Damage    Failure   Level
 Confusing Touch          Hex            21%        N/A       13%         3
 Tukima's Dance           Hex            21%        N/A       13%         3
 Dazzling Flash           Conj/Hex       24%        N/A       26%         3


Dungeon Overview and Level Annotations

Branches:
Dungeon (4/15)
 Temple: D:4-7

Altars:
Uskayaw
Yredelemnul

Shops:
D:1 (


Innate Abilities, Weirdness & Mutations

You are small and have problems with some larger weapons.
You are completely attuned to the shadows.


Message History

You feel less confused. Something barely misses you.
You hit something but do no damage. Something hits you.
You hit something. You barely miss something. Something hits you.
You miss something. Something hits you.
You hit something but do no damage. Something barely misses you.
You barely miss something. You closely miss something. Something hits you.
You hit something but do no damage. Something hits you.
You barely miss something.
You hear some strange, mumbled words.
A magic dart appears from out of thin air!
The magic dart hits you!
You miss something. You closely miss something.
You hear some strange, mumbled words.
A puff of flame appears from out of thin air!
The puff of flame hits you.
* * * LOW HITPOINT WARNING * * *
You miss something. Something hits you.
* * * LOW HITPOINT WARNING * * *
Casting: Ensorcelled Hibernation (safe; 13% risk of failure)
Confirm with . or Enter, or press ? or * to list all spells.
Aiming: Ensorcelled Hibernation (safe; 13% risk of failure)
Press: ? - help, Shift-Dir - straight line, f - you You feel a surge of power!
Nothing appears to happen.
Something hits you.
* * * LOW HITPOINT WARNING * * *
Unknown command.
You barely miss something. Something hits you.
* * * LOW HITPOINT WARNING * * *
It was a potion of curing.
You feel better. Something hits you.
* * * LOW HITPOINT WARNING * * *
You closely miss something. You miss something.
You are starting to lose your buoyancy.
You hear some strange, mumbled words.
A magic dart appears from out of thin air!
The magic dart hits you!
You die...

.o #.# #. ##o##.#.#
#. .#.##.#.# #.
....#.#.# #######.
........######
#.......
#...#..{......
#.######
##...o....## #.#
......###.##########
#)# #####.#
#.))...{@..# #)#
).....#
##########)#######.#
####### #.......).)#
##.######### ###


There were no monsters in sight!

Vanquished Creatures
  Sigmund (D:2)
  4 orc priests
  An iguana (D:4)
  An orc wizard (D:3)
  6 adders
  2 dart slugs
  10 orcs
  5 ball pythons
  6 endoplasms
  5 giant cockroaches
  6 goblins
  5 hobgoblins
  9 jackals
  6 kobolds
  2 quokkas
  7 bats
  4 frilled lizards
  7 rats
87 creatures vanquished.

Vanquished Creatures (others)
  An orc (D:3)
1 creature vanquished.

Grand Total: 88 creatures vanquished

Notes
Turn   | Place    | Note
-------+----------+-------------------------------------------
     0 | D:1      | Laraso the Kobold Enchanter began the quest for the Orb.
     0 | D:1      | Reached XP level 1. HP: 10/10 MP: 3/3
    78 | D:1      | Reached XP level 2. HP: 15/15 MP: 5/5
   163 | D:1      | Found a faded altar of an unknown god.
   254 | D:1      | Found Ratwauttus's Antique Weapon Emporium.
   324 | D:1      | Learned a level 2 spell: Ensorcelled Hibernation
   332 | D:1      | Reached skill level 2 in Short Blades
   573 | D:1      | Reached XP level 3. HP: 17/19 MP: 6/6
   876 | D:2      | Reached skill level 3 in Short Blades
  1153 | D:2      | Reached skill level 4 in Short Blades
  1153 | D:2      | Reached XP level 4. HP: 24/24 MP: 7/7
  1178 | D:2      | Noticed Sigmund
  1182 | D:2      | Killed Sigmund
  1183 | D:2      | Reached skill level 6 in Short Blades
  1183 | D:2      | Reached XP level 5. HP: 28/28 MP: 8/8
  1183 | D:2      | Reached XP level 6. HP: 32/32 MP: 9/9
  1387 | D:2      | Reached skill level 7 in Short Blades
  2271 | D:3      | Found a hide-covered altar of Uskayaw.
  2360 | D:3      | Found a basalt altar of Yredelemnul.
  2373 | D:3      | Reached skill level 8 in Short Blades
  2792 | D:4      | Reached XP level 7. HP: 24/35 MP: 1/10
  2924 | D:4      | Reached skill level 9 in Short Blades
  3113 | D:4      | Killed from afar by an orc wizard

Illustrated notes

Levels and vault maps discovered:
D:1:      dpeg_arrival_tiny_f, layout_loops_ring, serial_shops,
          nicolae_shop_stone, ebering_ecumenical_altar_abandoned
D:2:      layout_basic, minmay_hexomino_r4, uniq_sigmund
D:3:      layout_rooms, mainiacjoe_overflow_catch_the_wave,
          dreamdust_princess_corridor
D:4:      layout_loops_ring, chequers_serial_rivers_room_a, uniq_ijyb,
          uniq_eustachio

Skill      XL: |  1  2  3  4  5  6  7 |
---------------+----------------------+-----
Short Blades   | 2 4 6 8 9 |  9.1
Dodging        | |  2.6
Stealth        | |  4.2
Spellcasting   | |  2.4
Hexes          | |  3.1

Action                     |  1- 3 |  4- 6 |  7- 9 || total
---------------------------+-------+-------+-------++-------
  Melee: Dagger            |    90 |    77 |    41 ||   208
         Punch             |     1 |       |       ||     1
         Rapier            |       |       |    19 ||    19
   Cast: Ensorcelled Hiber |     7 |    28 |    10 ||    45
    Use: Potion            |       |     2 |     6 ||     8
   Stab: Sleeping          |    15 |    30 |     3 ||    48
         Invisible         |       |     3 |     3 ||     6
 Armour: Robe              |    38 |    22 |    30 ||    90
  Dodge: Dodged            |    66 |    48 |    15 ||   129

Table legend: (Time is in decaauts)
 A = Elapsed time spent in this place.
 B = Non-inter-level travel time spent in this place.
 C = Inter-level travel time spent in this place.
 D = Time resting spent in this place.
 E = Time spent auto-exploring this place.
 F = Levels seen in this place.
 G = Mean time per level.
                   A        B        C        D        E       F      G
               +--------+--------+--------+--------+--------+-----+--------+
         Total |   3049 |   3017 |     32 |    235 |   2169 |   4 |  762.2 |
       Dungeon |   3049 |   3017 |     32 |    235 |   2169 |   4 |  762.2 |
               +--------+--------+--------+--------+--------+-----+--------+

Top non-repeatable levels by time:
     D:2: 1016 daAuts
     D:3: 766 daAuts
     D:1: 766 daAuts
     D:4: 500 daAuts
